 Dungeon Crawl Stone Soup version 0.26-a0-651-gb41185065b (webtiles) character file.

Game seed: 17551606139395092966

72 loralnil the Insei (level 4, -3/23 HPs)
             Began as a Vine Stalker Transmuter on Oct 6, 2020.
             Killed by divine providence
             ... invoked by an orc priest
              (10 damage)
             ... on level 3 of the Dungeon.
             The game lasted 00:03:30 (2627 turns).

loralnil the Insei (Vine Stalker Transmuter)        Turns: 2627, Time: 00:03:31

Health: -3/23      AC:  2    Str: 13    XL:     4   Next: 26%
Magic:  0/9        EV: 13    Int: 13    God:
Gold:   127        SH:  0    Dex: 15    Spells: 2/8 levels left

rFire    . . .     SeeInvis .     - Unarmed
rCold    . . .     Faith    .   (no shield)
rNeg     . . .     Spirit   +   a - +0 robe
rPois    .         Reflect  .   (helmet currently unavailable)
rElec    .         Harm     .   (no cloak)
rCorr    .         Rampage  .   (no gloves)
MR       .....                  (boots currently unavailable)
Stlth    +.........             (no amulet)
HPRegen  0.47/turn              (no ring)
MPRegen  0.11/turn              (no ring)

@: appendages
A: fangs 2, horns 2, talons 2, regeneration 1, magic shield, antimagic bite, no
potion heal 3, rot immunity
a: End Transformation


You were on level 3 of the Dungeon.
You had grown temporary horns.
You had grown temporary talons.
You visited 1 branch of the dungeon, and saw 3 of its levels.

You collected 127 gold pieces.

Inventory:

Armour
 a - a +0 robe (worn)
 e - a +0 pair of boots of stealth (melded)
Wands
 c - a wand of random effects (15)
Scrolls
 f - a scroll of remove curse
Potions
 b - a potion of resistance {unknown}
 d - 2 potions of brilliance {unknown}


   Skills:
 + Level 1.7 Fighting
 + Level 2.1 Dodging
 + Level 3.4 Unarmed Combat
 + Level 2.8 Spellcasting
 + Level 2.6 Transmutations


You had 2 spell levels left.
You knew the following spells:

 Your Spells              Type           Power        Failure   Level
a - Beastly Appendage     Tmut           #.....       9%          1
b - Wereblood             Tmut           #.......     12%         2
c - Spider Form           Tmut/Pois      #.........   38%         3

Your spell library contained the following spells:

 Spells                   Type           Power        Failure   Level
 Ice Form                 Ice/Tmut       #.......     80%         4
 Blade Hands              Tmut           #.........   92%         5


Dungeon Overview and Level Annotations

Branches:
Dungeon (3/15)

Altars:
Fedhas
Kikubaaqudgha
Ru
Xom

Annotations:
D:2 exclusion: oklob plant


Innate Abilities, Weirdness & Mutations

You have extremely sharp teeth.
Your natural rate of healing is unusually fast.
When hurt, damage is shared between your health and your magic reserves.
Your bite disrupts and absorbs the magic of your enemies.
Potions cannot restore your health.
You are immune to rotting.
You have a pair of horns on your head.
You have razor-sharp toenails.


Message History

You feel less stealthy.
The orc shouts! x2; The orc wizard shouts!
You hear a shout!
The kobold throws a stone.
The stone barely misses you.
The orc priest calls down the wrath of Beogh upon you.
Beogh smites you!
The ball python bites you but does no damage.
The ball python barely misses you.
You closely miss the ball python. You claw the ball python.
You kill the ball python!
The bat hits you but does no damage. The bat completely misses you.
The orc priest calls down the wrath of Beogh upon you.
Beogh smites you!
* * * LOW HITPOINT WARNING * * *
The kobold throws a stone.
The stone barely misses you. The bat barely misses you. The orc misses you.
The bat hits you but does no damage.
The orc priest calls down the wrath of Beogh upon you.
Beogh smites you!
You die...

....)...#
#.......#
........#
#.......#. #
#(.......! #..
#........#
?....#........#
.....oo@....>.#
......ob....###
....[..o....#
.........#..#
........K..##
.........>..
........... .
###...........


You could see an orc priest, an orc wizard, 2 orcs, a bat and a kobold.

Vanquished Creatures
  An adder (D:2)
  A gnoll (D:1)
  2 worms (D:2)
  2 dart slugs (D:1)
  2 giant cockroaches
  5 goblins
  9 hobgoblins
  A quokka (D:2)
  4 ball pythons
  6 bats
  A frilled lizard (D:1)
  5 kobolds
  3 rats
42 creatures vanquished.

Notes
Turn   | Place    | Note
-------+----------+-------------------------------------------
     0 | D:1      | loralnil the Vine Stalker Transmuter began the quest for
                  | the Orb.
     0 | D:1      | Reached XP level 1. HP: 9/9 MP: 4/4
   121 | D:1      | Reached skill level 1 in Fighting
   469 | D:1      | Reached XP level 2. HP: 14/14 MP: 4/6
  1099 | D:1      | Reached XP level 3. HP: 14/18 MP: 5/7
  1567 | D:2      | Learned a level 2 spell: Wereblood
  1571 | D:2      | Learned a level 3 spell: Spider Form
  1694 | D:2      | Found an ancient bone altar of Kikubaaqudgha.
  1695 | D:2      | Found a sacrificial altar of Ru.
  1992 | D:2      | Gained mutation: Your natural rate of healing is unusually
                  | fast. [Vine Stalker growth]
  1992 | D:2      | Reached XP level 4. HP: 10/22 MP: 6/9
  2026 | D:2      | Found a shimmering altar of Xom.
  2438 | D:2      | Found a blossoming altar of Fedhas.
  2452 | D:2      | Noticed an oklob plant
  2627 | D:3      | Killed from afar by an orc priest

Illustrated notes

Levels and vault maps discovered:
D:1:      giann_forest_graveyard, layout_loops_ring,
          hangedman_abyss_or_decor_stabs
D:2:      layout_basic, xom_butterflies, tgw_fedhas,
          chequers_temple_overflow_statue_of_worship
D:3:      layout_rooms

Skill      XL: |  1  2  3 |
---------------+----------+-----
Fighting       | 1 |  1.7
Dodging        | 2 |  2.1
Unarmed Combat | |  3.4
Spellcasting   | |  2.8
Transmutations | |  2.6

Action                   |  1- 3 |  4- 6 || total
-------------------------+-------+-------++-------
Melee: Unarmed           |    80 |    19 ||    99
       Bite              |    16 |     3 ||    19
       Kick              |    16 |     4 ||    20
       Headbutt          |     6 |     4 ||    10
       Punch             |     1 |       ||     1
 Cast: Beastly Appendage |    22 |     8 ||    30
  Use: Scroll            |     4 |     1 ||     5
 Stab: Sleeping          |       |     1 ||     1
Armor: Robe              |    22 |     7 ||    29
Dodge: Dodged            |    46 |    17 ||    63

Table legend: (Time is in decaauts)
 A = Elapsed time spent in this place.
 B = Non-inter-level travel time spent in this place.
 C = Inter-level travel time spent in this place.
 D = Time resting spent in this place.
 E = Time spent auto-exploring this place.
 F = Levels seen in this place.
 G = Mean time per level.
                   A        B        C        D        E       F      G
               +--------+--------+--------+--------+--------+-----+--------+
         Total |   2619 |   2589 |     30 |     18 |   2240 |   3 |  873.0 |
       Dungeon |   2619 |   2589 |     30 |     18 |   2240 |   3 |  873.0 |
               +--------+--------+--------+--------+--------+-----+--------+

Top non-repeatable levels by time:
     D:1: 1559 daAuts
     D:2: 1055 daAuts
     D:3: 4 daAuts
